 Seeded DCSS version 0.28-a0-1555-g9ae15a6949 (webtiles) character file.

Game seed: 11087003400880552656 (custom seed)

516 knot the Chopper (level 7, 0/52 HPs)
             Began as a Demonspawn Berserker on Jan 18, 2022.
             Was a Believer of Trog.
             Slain by an orc wizard (3 damage)
             ... on level 4 of the Dungeon.
             The game lasted 00:02:55 (4554 turns).

knot the Chopper (Demonspawn Berserker)             Turns: 4554, Time: 00:02:56

Health: 0/52       AC:  5    Str: 17    XL:     7   Next: 0%
Magic:  7/7        EV: 12    Int: 11    God:    Trog [**....]
Gold:   154        SH:  0    Dex: 12    Spells: 6/6 levels left

rFire   . . .      SeeInvis .   a - +1 hand axe
rCold   . . .      Faith    .   (no shield)
rNeg    . . .      Spirit   .   n - +0 leather armour
rPois   .          Reflect  .   (no helmet)
rElec   .          Harm     .   (no cloak)
rCorr   .          Rampage  .   (no gloves)
Will    .....                   h - +1 pair of boots
Stlth   +.........              (no amulet)
HPRegen 0.17/turn               (no ring)
MPRegen 0.10/turn               (no ring)

@: on berserk cooldown, slowed, very slow
A: sturdy frame 1, weakness stinger 2
a: Renounce Religion, Berserk, Trog's Hand


You were on level 4 of the Dungeon.
You worshipped Trog.
Trog was pleased with you.
You visited 1 branch of the dungeon, and saw 4 of its levels.

You collected 154 gold pieces.

Inventory:

Hand Weapons
 a - a +1 hand axe (weapon)
Missiles
 e - 59 sling bullets
 f - 155 stones (quivered)
 m - 4 boomerangs
Armour
 h - a +1 pair of boots (worn)
 n - a +0 leather armour (worn)
Jewellery
 r - a ring of positive energy
 w - a ring of resist corrosion
Wands
 t - a wand of iceblast (10)
 u - a wand of acid (5)
 v - a wand of polymorph (11)
Scrolls
 d - 2 scrolls of teleportation {unknown}
 g - 2 scrolls of identify
 o - a scroll of amnesia
 p - a scroll of brand weapon
 x - a scroll of immolation {unknown}
Potions
 b - a potion of degeneration {unknown}
 c - a potion of might {unknown}
 i - a potion of curing {unknown}
 k - a potion of invisibility {unknown}
 q - 2 potions of magic {unknown}
 s - a potion of flight {unknown}


   Skills:
 - Level 3.0 Fighting
 + Level 7.3 Axes
 - Level 1.7 Armour
 - Level 1.7 Dodging


You had 6 spell levels left.
You didn't know any spells.
Your spell library contained the following spells:

 Spells                   Type           Power      Damage    Failure   Level
 Tukima's Dance           Hex            0%         N/A       73%         3
 Passage of Golubria      Tloc           0%         N/A       98%         4
 Yara's Violent Unravell  Hex/Tmut       0%         3d3       100%        5


Dungeon Overview and Level Annotations

Branches:
Dungeon (4/15)
 Temple: D:4-7

Altars:
Hepliaklqana

Shops:
D:3 [


Innate Abilities, Weirdness & Mutations

Your movements are slightly less encumbered by armour. (ER -2)
You have a tail ending in a sharp stinger.


Message History

You kill the orc!
Trog accepts your kill.
You slash the orc!
You kill the orc!
Trog accepts your kill.
You miss something.
An adder comes into view.
You have reached level 7!
You feel sick. Something hits you.
You feel a strong urge to attack something.
You feel sick.
You are no longer poisoned.
You feel your anger nearly subside.
You are no longer berserk.
You are exhausted.
You feel yourself slow down.
Okay, then.
As you read the scroll labelled JOISAIF ISSUO, it crumbles to dust.
You feel aware of your surroundings.
You sensed 2 altars.
It was a scroll of magic mapping.
Something hits you.
You hear some strange, mumbled words.
Something tries to affect you, but you resist.
As you read the scroll labelled NINLUI VAAM, it crumbles to dust.
It is a scroll of enchant weapon.
Your +0 hand axe glows red for a moment.
You hear some strange, mumbled words.
A magic dart appears from out of thin air!
The magic dart hits you.
* * * LOW HITPOINT WARNING * * *
As you read the scroll labelled UCKUKHL QENTO, it crumbles to dust.
It is a scroll of amnesia.
You feel forgetful for a moment. Something hits you.
* * * LOW HITPOINT WARNING * * *
The adder bites you but does no damage. Something hits you.
* * * LOW HITPOINT WARNING * * *
As you read the scroll labelled VIVVENUXTO, it crumbles to dust.
It is a scroll of identify.
p - a scroll of brand weapon The adder closely misses you.
Something hits you.
You die...

,,,,,,,,........####.####...,,**
,,,,,,,.....................,,,**
,,,,,,......................,,,,*
,,,,,.......................,,,,*
,,,,...............)))......,,,,,
,,,.........................,,,,,
,,,.....................(...,,,,,
,,,..............{..........,,,,,
,,,............#@S..........,,,,*
>,,............###..........,,,**
,,,...........##*#..........,,,*
*,,...........###...........,,***
**,..........##..#........#,,,**,
**#.........#..##......##**,,*,,
##########..#*,....### *,,,,,
##..##*,,,*** **,,,, ##..## *****
*,,,,,


You could see an adder.

Vanquished Creatures
  Sigmund (D:3)
  A centaur (D:4)
  A water moccasin skeleton (D:4)
  Natasha (thrice) (D:2)
  2 hound skeletons (D:4)
  3 gnolls (D:4)
  2 adders
  An adder skeleton (D:4)
  A worm (D:2)
  3 dart slugs
  7 orcs (D:4)
  8 ball pythons
  5 bats
  3 endoplasms
  A giant cockroach (D:3)
  5 goblins
  4 hobgoblins
  2 kobolds
  2 quokkas
  5 frilled lizards
  4 rats
64 creatures vanquished.

Notes
Turn   | Place    | Note
-------+----------+-------------------------------------------
     0 | D:1      | knot the Demonspawn Berserker began the quest for the Orb.
     0 | D:1      | Reached XP level 1. HP: 18/18 MP: 1/1
    39 | D:1      | HP: 1/27 [constriction (1)]
    41 | D:1      | Reached skill level 3 in Axes
   359 | D:1      | Gained mutation: Your movements are slightly less
                  | encumbered by armour. (ER -2) [demonic ancestry]
   359 | D:1      | Reached XP level 2. HP: 23/24 MP: 2/2
   719 | D:1      | Found a faded altar of an unknown god.
  1697 | D:2      | Gained mutation: You have a small tail. [demonic ancestry]
  1697 | D:2      | Reached XP level 3. HP: 17/29 MP: 3/3
  2109 | D:2      | Reached skill level 4 in Axes
  2349 | D:2      | Noticed Natasha
  2360 | D:2      | Killed Natasha
  2361 | D:2      | Reached XP level 4. HP: 18/35 MP: 4/4
  2743 | D:2      | Noticed Natasha
  2750 | D:2      | Killed Natasha
  2750 | D:2      | Reached ** piety under Trog
  2764 | D:2      | Noticed Natasha
  2779 | D:2      | Killed Natasha
  2780 | D:2      | Reached skill level 5 in Axes
  3323 | D:3      | Reached XP level 5. HP: 22/41 MP: 5/5
  3705 | D:3      | Noticed Sigmund
  3716 | D:3      | Killed Sigmund
  3717 | D:3      | Reached skill level 6 in Axes
  3717 | D:3      | Gained mutation: You have a tail ending in a sharp stinger.
                  | [demonic ancestry]
  3717 | D:3      | Reached XP level 6. HP: 47/47 MP: 6/6
  3804 | D:3      | Found Hasch's Armour Boutique.
  3980 | D:4      | Found a hazy altar of Hepliaklqana.
  4405 | D:4      | Reached skill level 7 in Axes
  4546 | D:4      | Reached XP level 7. HP: 31/52 MP: 7/7
  4554 | D:4      | Slain by an orc wizard

Illustrated notes

Levels and vault maps discovered:
D:1:      wheals_arrival_linesprint, layout_basic,
          dreamdust_ecumenical_altar_statues
D:2:      layout_loops_cross, kennysheep_boxes, uniq_natasha
D:3:      layout_loops_ring, serial_shops, nicolae_shop_behind_doors,
          uniq_sigmund
D:4:      layout_cave_pods, minitemple, serial_bayou_lagoon_a

Skill      XL: |  1  2  3  4  5  6 |
---------------+-------------------+-----
Axes           | 3 4 5 6 7 |  7.3
Fighting       | |  3.0
Armour         | |  1.7
Dodging        | |  1.7

Action                   |  1- 3 |  4- 6 |  7- 9 || total
-------------------------+-------+-------+-------++-------
Melee: Hand axe          |    87 |   127 |       ||   214
       Punch             |     1 |     1 |       ||     2
       Tailslap          |     1 |    10 |       ||    11
Invok: Berserk           |     4 |     6 |       ||    10
       Trog's Hand       |       |     1 |       ||     1
  Use: Scroll            |       |       |     4 ||     4
 Stab: Sleeping          |     1 |     1 |       ||     2
Armor: Animal skin       |    17 |       |       ||    17
       Leather armour    |    12 |    37 |     1 ||    50
Dodge: Dodged            |    55 |    92 |     1 ||   148

Table legend: (Time is in decaauts)
 A = Elapsed time spent in this place.
 B = Non-inter-level travel time spent in this place.
 C = Inter-level travel time spent in this place.
 D = Time resting spent in this place.
 E = Time spent auto-exploring this place.
 F = Levels seen in this place.
 G = Mean time per level.
                   A        B        C        D        E       F      G
               +--------+--------+--------+--------+--------+-----+--------+
         Total |   4682 |   4544 |    138 |   1700 |   2290 |   4 | 1170.5 |
       Dungeon |   4682 |   4544 |    138 |   1700 |   2290 |   4 | 1170.5 |
               +--------+--------+--------+--------+--------+-----+--------+

Top non-repeatable levels by time:
     D:2: 1644 daAuts
     D:1: 1562 daAuts
     D:3: 872 daAuts
     D:4: 603 daAuts
